 Dungeon Crawl Stone Soup version 0.28.0 (webtiles) character file.

Game seed: 6816889322983162610

15517 BeingJoeMalik the Basher (level 12, -27/95 (101) HPs)
             Began as a Green Draconian Fighter on Feb 15, 2022.
             Was an Initiate of Gozag.
             Killed from afar by an orc sorcerer (30 damage)
             ... with a bolt of fire
             ... while paralysed by an orc sorcerer
             ... on level 1 of the Orcish Mines.
             The game lasted 00:35:04 (15298 turns).

BeingJoeMalik the Basher (Green Draconian Fighter) Turns: 15298, Time: 00:35:05

HP:   -27/95 (101)  AC: 13    Str: 19    XL:     12   Next: 1%
MP:   12/12         EV:  2    Int:  9    God:    Gozag
Gold: 2694          SH:  0    Dex: 15    Spells: 11/11 levels left

rFire   . . .      SeeInvis .   y - +2 whip (elec)
rCold   . . .      Faith    .   b - +1 buckler
rNeg    + . .      Spirit   .   (armour unavailable)
rPois   +          Reflect  .   (helmet restricted)
rElec   .          Harm     .   (no cloak)
rCorr   .          Rampage  .   (no gloves)
Will    .....                   n - +0 pair of boots
Stlth   +.........              (no amulet)
HPRegen 0.25/turn               t - ring of positive energy
MPRegen 0.13/turn               F - +4 ring of protection

@: paralysed, drained
A: breathe noxious fumes, AC +8, unfitting armour, poison resistance,
cold-blooded
a: Breathe Noxious Fumes, Renounce Religion, Potion Petition, Call Merchant,
Bribe Branch


You were on level 1 of the Orcish Mines.
You worshipped Gozag.
Gozag was most pleased with you.
You visited 3 branches of the dungeon, and saw 13 of its levels.
You visited the Abyss 1 time.
You also visited: Sewer.

You collected 2747 gold pieces.
You paid 53 gold pieces to Gozag.

Inventory:

Hand Weapons
 a - a +0 flail
 j - a +0 morningstar of freezing
 y - a +2 whip of electrocution (weapon)
 z - a +2 antimagic flail
Missiles
 k - 13 poisoned darts (quivered)
Armour
 b - a +1 buckler (worn)
 n - a +0 pair of boots (worn)
Jewellery
 d - a ring of ice
 t - a ring of positive energy (left hand)
 v - a ring of flight
 F - a +4 ring of protection (right hand)
Wands
 c - a wand of polymorph (9)
 i - a wand of flame (30)
 u - a wand of digging (11)
 w - a wand of acid (9)
 D - a wand of iceblast (12)
 G - a wand of paralysis (5)
Scrolls
 e - 2 scrolls of magic mapping
 f - 4 scrolls of teleportation
 g - 4 scrolls of enchant armour
 h - 4 scrolls of enchant weapon
 x - a scroll of fog
 H - a scroll of identify
Potions
 l - 2 potions of haste
 m - 4 potions of heal wounds
 o - 2 potions of cancellation
 p - 3 potions of mutation
 q - a potion of invisibility
 r - a potion of resistance
 s - 2 potions of flight
 A - a potion of curing
 B - 2 potions of lignification
 C - 2 potions of might
 E - a potion of magic
 I - a potion of brilliance


   Skills:
 + Level 7.8 Fighting
 + Level 14.1 Maces & Flails
 + Level 9.0 Dodging
 + Level 9.2 Shields


You had 11 spell levels left.
You didn't know any spells.
Your spell library contained the following spells:

 Spells                   Type           Power      Damage    Failure   Level
 Freeze                   Ice            0%         1d3       45%         1
 Sublimation of Blood     Necr           0%         N/A       58%         2
 Frozen Ramparts          Ice            0%         1d2       83%         3
 Portal Projectile        Hex/Tloc       0%         N/A       83%         3
 Hailstorm                Conj/Ice       0%         3d3       99%         4
 Ice Form                 Ice/Tmut       0%         N/A       99%         4
 Petrify                  Tmut/Erth      0%         N/A       99%         4
 Summon Ice Beast         Ice/Summ       0%         N/A       99%         4
 Blade Hands              Tmut           0%         N/A       100%        5
 Excruciating Wounds      Necr           0%         N/A       100%        5
 Irradiate                Conj/Tmut      0%         3d13      100%        5


Dungeon Overview and Level Annotations

Branches:
Dungeon (10/15)            Temple (1/1) D:4            Lair (0/6) D:10
    Orc (2/2) D:9           Sewer (visited)
    Elf: Orc:2

Altars:
Ashenzari
Cheibriados
Dithmenos
Elyvilon
Fedhas
Gozag
Hepliaklqana
Kikubaaqudgha
Makhleb
Nemelex Xobeh
Okawaru
Qazlal
Ru
Sif Muna
Trog
Uskayaw
Vehumet
Wu Jian
Xom
Yredelemnul
Zin
The Shining One

Shops:
Orc:2 [

Annotations:
D:6 exclusion: oklob plant


Innate Abilities, Weirdness & Mutations

You can breathe blasts of noxious fumes.
Your lurid green scales are hard. (AC +8)
You cannot fit into any form of body armour.
Your system is resistant to poisons. (rPois)
You are cold-blooded and may be slowed by cold attacks.


Message History

Unknown command.
You hit the orc sorcerer but do no damage.
Lightning courses through the orc sorcerer!!
The orc sorcerer is severely wounded.
The ogre hits you with a +0 giant spiked club!
The warg bites you but does no damage.
You hit the orc sorcerer.
The orc sorcerer is severely wounded.
The orc sorcerer gestures at you while chanting.
The bolt of negative energy hits you!! You partially resist.
You feel drained.
Unknown command.
You closely miss the orc sorcerer.
The orc sorcerer is severely wounded.
The warg bites you! The ogre barely misses you.
Unknown command.
You barely miss the orc sorcerer.
Your tail-slap misses the orc sorcerer.
The orc sorcerer is severely wounded.
The warg bites you.
The orc sorcerer gestures at you while chanting.
You suddenly lose the ability to move!
The warg bites you but does no damage.
The ogre hits you with a +0 giant spiked club!
The orc sorcerer mumbles some strange words.
The warg bites you.
* * * LOW HITPOINT WARNING * * *
The orc sorcerer gestures at you while chanting.
The bolt of negative energy hits you. You partially resist.
You feel drained.
* * * LOW HITPOINT WARNING * * *
The ogre hits you with a +0 giant spiked club!
* * * LOW HITPOINT WARNING * * *
The warg bites you!
* * * LOW HITPOINT WARNING * * *
The orc sorcerer hits you but does no damage.
The warg bites you but does no damage.
The neqoxec hits you but does no damage.
The ogre completely misses you. The warg bites you but does no damage.
The orc sorcerer gestures at you while chanting.
The bolt of fire hits you!!
You die...
Your body crumbles into a pile of gold.

....###................#
...####................##
..##..#.................#
.......#...............##
......##................#
.......##.#............##
......#####.............#
......###.#....O.3.....##
.)...###...#....@o......#
.....####.#....h.......##
.....#.#...............##
#.#.#...................#
...#...........#........#
.[.##......[#...#......##
#[##....#......##....###
...[[)......#.......##
#....).....#........##


You could see a neqoxec (summoned), a warg, an orc sorcerer and an ogre.

Vanquished Creatures
  Erolcha (D:9)
  A two-headed ogre (D:9)
  A deep elf pyromancer (D:9)
  2 rime drakes
  A troll (D:9)
  Prince Ribbit (D:8)
  A meliai zombie (D:8)
  A shadow (D:10)
  16 yaks
  A wraith (D:8)
  Eustachio (D:6)
  2 wyverns
  3 vampire mosquitoes (D:6)
  Edmund (D:4)
  Duvessa (D:6)
  2 water moccasins
  8 orc warriors
  A sky beast (D:7)
  4 ice beasts
  4 ogres
  A necrophage (D:4)
  2 centaurs
  A phantom (D:6)
  2 bullfrogs
  A gnoll sergeant (D:7)
  A wyvern zombie (D:8)
  2 scorpions
  Dowan (D:6)
  3 killer bees (D:9)
  4 howler monkeys
  9 jellies
  3 centaur zombies
  13 orc priests
  A gnoll shaman (D:7)
  6 hounds
  Jessica (D:3)
  An iguana (D:6)
  16 orc wizards
  Terence (D:2)
  A hound zombie (D:5)
  2 hound skeletons
  A howler monkey skeleton (D:6)
  2 howler monkey zombies
  12 gnolls
  8 adders
  2 shadow imps
  2 white imps
  2 ufetubi
  A worm (Sewer)
  6 dart slugs
  63 orcs
  8 ball pythons
  30 endoplasms
  4 giant cockroaches
  7 hobgoblins
  6 kobolds
  4 quokkas
  7 bats
  7 frilled lizards
  5 goblins
  A quokka skeleton (D:4)
  8 rats
311 creatures vanquished.

Vanquished Creatures (others)
  7 fungi (D:6)
7 creatures vanquished.

Grand Total: 318 creatures vanquished

Notes
Turn   | Place    | Note
-------+----------+-------------------------------------------
     0 | D:1      | BeingJoeMalik the Draconian Fighter began the quest for the
                  | Orb.
     0 | D:1      | Reached XP level 1. HP: 19/19 MP: 1/1
    77 | D:1      | Reached XP level 2. HP: 26/26 MP: 2/2
   189 | D:1      | Found a faded altar of an unknown god.
   202 | D:1      | Prayed at the altar of an unknown god.
   202 | D:1      | Became a worshipper of Elyvilon the Healer
   202 | D:1      | Reached * piety under Elyvilon
   207 | D:1      | Reached skill level 3 in Maces & Flails
   840 | D:1      | Reached XP level 3. HP: 31/31 MP: 3/3
  1059 | D:2      | Reached ** piety under Elyvilon
  1143 | D:2      | Noticed Terence
  1195 | D:2      | Killed Terence
  1196 | D:2      | Reached skill level 4 in Maces & Flails
  1915 | D:2      | Reached *** piety under Elyvilon
  2268 | D:3      | Found a glowing silver altar of Zin.
  2279 | D:3      | Reached XP level 4. HP: 38/38 MP: 4/4
  2842 | D:3      | Reached skill level 5 in Maces & Flails
  3077 | D:3      | Noticed Jessica
  3083 | D:3      | Killed Jessica
  3084 | D:3      | Reached XP level 5. HP: 45/45 MP: 5/5
  3089 | D:3      | Found a shimmering blue altar of Sif Muna.
  3253 | D:3      | Reached **** piety under Elyvilon
  3986 | D:4      | Found an opulent altar of Gozag.
  3991 | D:4      | Found a glowing drain.
  4017 | D:4      | Fell from the grace of Elyvilon
  4017 | D:4      | Became a worshipper of Gozag Ym Sagoz the Greedy
  4025 | D:4      | Reached skill level 6 in Maces & Flails
  4061 | Sewer    | Entered a sewer
  4342 | Sewer    | Reached XP level 6. HP: 46/51 MP: 6/6
  4370 | Sewer    | Found a viscous altar of Jiyva.
  4729 | D:4      | Found a blossoming altar of Fedhas.
  4730 | D:4      | Found a stormy altar of Qazlal.
  4887 | D:4      | Reached skill level 7 in Maces & Flails
  5379 | D:4      | Found a staircase to the Ecumenical Temple.
  5389 | Temple   | Entered the Ecumenical Temple
  5639 | D:4      | Your scales start taking on a lurid green colour.
  5639 | D:4      | Reached XP level 7. HP: 51/57 MP: 7/7
  5639 | D:4      | Gained mutation: Your system is resistant to poisons.
                  | (rPois) [Green Draconian growth]
  5692 | D:4      | Reached skill level 8 in Maces & Flails
  5760 | D:4      | Found a white marble altar of Elyvilon.
  6135 | D:5      | Entered Level 5 of the Dungeon
  6135 | D:5      | Noticed Edmund
  6166 | D:4      | Killed Edmund
  6167 | D:4      | Reached skill level 9 in Maces & Flails
  6317 | D:5      | Reached XP level 8. HP: 45/63 MP: 8/8
  6525 | D:5      | Reached skill level 10 in Maces & Flails
  6732 | D:5      | Found a broken altar of Ashenzari.
  7191 | D:6      | Noticed Eustachio
  7191 | D:6      | Noticed Duvessa
  7200 | D:5      | Reached skill level 11 in Maces & Flails
  7391 | D:6      | Noticed Dowan
  7404 | D:6      | Killed Duvessa
  7407 | D:6      | Killed Dowan
  7413 | D:6      | Killed Eustachio
  7513 | D:6      | Reached XP level 9. HP: 66/70 MP: 9/9
  7530 | D:6      | Reached skill level 12 in Maces & Flails
  8168 | D:6      | Noticed an oklob plant
  9016 | D:6      | Found a sparkling altar of Nemelex Xobeh.
  9017 | D:6      | Found an ornate altar of the Wu Jian Council.
  9464 | D:7      | Found a bloodstained altar of Trog.
  9499 | D:7      | Found a burning altar of Makhleb.
  9499 | D:7      | Noticed an Executioner
  9694 | D:7      | Reached skill level 13 in Maces & Flails
  9731 | D:7      | Reached XP level 10. HP: 33/80 MP: 10/10
 10054 | D:7      | Reached skill level 5 in Fighting
 10694 | D:8      | Reached XP level 11. HP: 88/88 MP: 11/11
 11210 | D:8      | Noticed Prince Ribbit
 11223 | D:8      | Killed Prince Ribbit
 11579 | D:9      | Noticed Erolcha
 11686 | D:9      | Found a staircase to the Orcish Mines.
 11796 | D:9      | Noticed a deep elf pyromancer
 11806 | D:9      | Killed a deep elf pyromancer
 12055 | D:9      | Cast into level 2 of the Abyss (Erolcha)
 12089 | Abyss:2  | Found a corrupted altar of Lugonu.
 12115 | D:9      | Escaped the Abyss
 12117 | D:9      | Killed Erolcha
 12902 | D:10     | Entered Level 10 of the Dungeon
 13553 | D:10     | Found a basalt altar of Yredelemnul.
 13739 | D:10     | Found a staircase to the Lair.
 13998 | Orc:1    | Entered Level 1 of the Orcish Mines
 14221 | Orc:1    | Reached skill level 14 in Maces & Flails
 14667 | Orc:1    | Noticed a two-headed ogre
 14880 | D:9      | Killed a two-headed ogre
 15037 | Orc:1    | Reached XP level 12. HP: 92/101 MP: 12/12
 15281 | Orc:2    | Entered Level 2 of the Orcish Mines
 15281 | Orc:2    | Found Qishiabbe's Antique Armour Shop.
 15294 | Orc:1    | Paralysed by an orc sorcerer for 6 turns
 15296 | Orc:1    | HP: 2/95 [warg (8)]
 15298 | Orc:1    | Killed from afar by an orc sorcerer

Illustrated notes

Levels and vault maps discovered:
D:1:      erik_arrival_cave_to_civilisation [erik_arrival_cave_to_hall],
          layout_basic, hellmonk_ecumenical_altar_arch_garden
D:2:      layout_basic, corner_web_ring, uniq_terence
D:3:      layout_basic, tgw_sif, lemuel_tele_altar, kennysheep_cross_bottleneck,
          minivault_11, kennysheep_generic_room_3
D:4:      kennysheep_spiral_hall, layout_basic,
          grunt_temple_overflow_forces_of_nature, mainiacjoe_overflow_catwalk,
          mainiacjoe_overflow_brackets, minmay_temple_entry_stoned_glass,
          portal_sewer_entry_b
D:5:      layout_rooms, cheibrodos_ashenzari_chains, kennysheep_path_1,
          uniq_edmund
D:6:      lemuel_slime, layout_rooms, gammafunk_temple_overflow_pools,
          uniq_duvessa, uniq_eustachio
D:7:      layout_basic, bloody_trog, makhleb_altar_promises_db,
          hangedman_decor_push
D:8:      layout_basic, nicolae_sextant, uniq_prince_ribbit1
D:9:      layout_layer_cave, orc_0_dummy, uniq_erolcha
D:10:     layout_long_grid, mainiacjoe_overflow_six_doors_small,
          lair_entry_dummy, special_room [special_room_orc]
Temple:   jpeg_temple_alley_garden
Orc:1:    layout_caves, portal_ice_cave_rime
Orc:2:    grunt_orc_gardens, layout_diamond_mine, grunt_orc_garden,
          grunt_orc_garden, grunt_orc_garden, grunt_orc_garden

Skill      XL: |  1  2  3  4  5  6  7  8  9 10 11 |
---------------+----------------------------------+-----
Maces & Flails | 3 4 5 6 7 9 11 13 14 | 14.1
Dodging        | 4 7 9 |  9.0
Fighting       | 4 5 7 |  7.8
Shields        | 4 8 9 |  9.2

Action                   |  1- 3 |  4- 6 |  7- 9 | 10-12 || total
-------------------------+-------+-------+-------+-------++-------
Melee: Flail             |    80 |       |     7 |       ||    87
       Tailslap          |     9 |    24 |    74 |    83 ||   190
       Morningstar       |    28 |   165 |    22 |       ||   215
       Whip              |       |       |   359 |   555 ||   914
Throw: Dart              |       |     1 |       |       ||     1
 Abil: Breathe Noxious F |       |       |     7 |     7 ||    14
Evoke: Wand              |       |       |     1 |       ||     1
  Use: Potion            |     2 |       |       |     2 ||     4
       Scroll            |       |       |     6 |    18 ||    24
 Stab: Sleeping          |     2 |     2 |       |       ||     4
       Distracted        |       |     1 |     1 |     2 ||     4
       Confused          |       |       |     3 |     4 ||     7
Armor: Skin              |    36 |    34 |    79 |    84 ||   233
Dodge: Dodged            |    55 |    76 |   118 |   208 ||   457
Block: Buckler           |    18 |    27 |    42 |   119 ||   206
